 Dungeon Crawl Stone Soup version 0.32-a0-128-g77eb882913 (webtiles) character file.

Game seed: 8857624935036152844

27 Nattfarinn the Changeling (level 3, -1/31 HPs)
             Began as a Naga Shapeshifter on Feb 8, 2024.
             Slain by Natasha (8 damage)
             ... on level 2 of the Dungeon.
             The game lasted 00:01:14 (953 turns).

Nattfarinn the Changeling (Naga Shapeshifter)        Turns: 953, Time: 00:01:15

Health: -1/31      AC:  2    Str: 16    XL:     3   Next: 10%
Magic:  3/3        EV:  9    Int: 12    God:
Gold:   63         SH:  0    Dex: 10    Spells: 2/2 levels left

rFire   . . .        g - +0 mace
rCold   . . .        (no shield)
rNeg    . . .        a - +0 animal skin
rPois   +            (helmet currently unavailable)
rElec   .            (cloak currently unavailable)
rCorr   .            (gloves currently unavailable)
SInv    +            (no barding)
Will    .....        (no amulet)
Stlth   +            (no ring)
HPRegen 0.25/turn    (no ring)
MPRegen 0.08/turn

%: no passive effects
@: short of breath, beast-form, slowed, very slow
A: beast (slay +2), AC +1, large, see invisible, deformed body, poison
resistance, slowness 2, spit poison 1, naga tail 1
a: Spit Poison, Begin Untransformation


You were on level 2 of the Dungeon.
You were a hulking beast.
You visited 1 branch of the dungeon, and saw 2 of its levels.

You collected 63 gold pieces.

Inventory:

Hand Weapons
 g - a +0 mace (weapon)
Armour
 a - a +0 animal skin (worn)
Talismans
 c - a beast talisman
 d - a flux talisman
Scrolls
 e - a scroll of brand weapon {unknown}
 f - 2 scrolls of identify {unknown}
 h - a scroll of teleportation {unknown}
 i - a scroll of noise {unknown}
Potions
 b - a potion of lignification
 j - a potion of might {unknown}
 k - a potion of heal wounds {unknown}


   Skills:
 - Level 1.0 Fighting
 - Level 1.5 Dodging
 + Level 3.4 Unarmed Combat
 * Level 3.7 Shapeshifting


You had 2 spell levels left.
You didn't know any spells.
Your spell library was empty.

Dungeon Overview and Level Annotations

Branches:
Dungeon (2/15)

Altars:
Nemelex Xobeh

Annotations:
D:2 Natasha


Innate Abilities, Weirdness & Mutations

You are a hulking beast.
Your limbs bulge with bestial killing power. (Slay +2)
Your serpentine skin is tough. (AC +1)
You have supernaturally acute eyesight. (SInv)
Armour fits poorly on your strangely shaped body.
Your system is resistant to poisons. (rPois)
You cover ground very slowly.
You can spit poison.
You have a snake-like lower body.


Message History

f - 2 scrolls labelled ULOETUTIKK (gained 1) Done exploring.
Done exploring.
There is an open door here.
There is an open door here.
There is a large open door here.
Things that are here:
a jackal skeleton; a ball python skeleton
There is a large open door, spattered with blood here.
There is an open door here.
There is a stone staircase leading down here.
You climb downwards.
Natasha hisses angrily.
Found a blackened granite ring.
Found a sparkling altar of Nemelex Xobeh.
There is a stone staircase leading up here.
Natasha is nearby!
Natasha is nearby!
Natasha casts a spell at you.
You feel yourself slow down. Natasha claws you!
Natasha claws you but does no damage.
You barely miss Natasha. Natasha claws you. Natasha closely misses you.
You sock Natasha!
Natasha is heavily wounded.
Natasha barely misses you. Natasha claws you.
You are too injured to fight recklessly!
You are too injured to fight recklessly!
You are too injured to fight recklessly!
Okay, then.
Aiming: Spit Poison (2% risk of failure)
Press: ? - help, Shift-Dir - straight line, f - Natasha
Aim: Natasha (heavily wounded, 50% to hit)
The splash of poison misses Natasha.
Natasha claws you. x2
* * * LOW HITPOINT WARNING * * *
Unknown command.
You sock Natasha!
Natasha is almost dead.
Natasha claws you!
You die...
Natasha begins licking her fur clean.

#... #... #..#
#..# .
####..####
..##........
.=......h##
..##....h..#
...........#
.......<...#
.###.........._
#.#..........
#.#######.... .
##.# . .#


You could see Natasha.

Vanquished Creatures
  4 ball pythons (D:1)
  3 giant cockroaches (D:1)
  6 hobgoblins (D:1)
  3 jackals (D:1)
  A quokka (D:1)
  A bat (D:1)
  2 frilled lizards (D:1)
  2 goblins (D:1)
  A rat (D:1)
23 creatures vanquished.

Notes
Turn   | Place    | Note
-------+----------+-------------------------------------------
     0 | D:1      | Nattfarinn the Naga Shapeshifter began the quest for the
                  | Orb.
     0 | D:1      | Reached XP level 1. HP: 18/18 MP: 1/1
   126 | D:1      | Reached XP level 2. HP: 10/25 MP: 2/2
   718 | D:1      | Reached XP level 3. HP: 25/31 MP: 3/3
   947 | D:2      | Noticed Natasha
   947 | D:2      | Found a sparkling altar of Nemelex Xobeh.
   953 | D:2      | Slain by Natasha

Illustrated notes

Levels and vault maps discovered:
D:1:      dpeg_arrival_short_road, layout_basic
D:2:      layout_loops_ring, basic_altar, nicolae_ecumenical_pavilion,
          nicolae_concentric_dashed_squares_mild, uniq_natasha

Action                     || total
---------------------------++-------
  Melee: Mace              ||    56
         Unarmed           ||     1
         Punch             ||     3
Ability: Spit Poison       ||     2
 Armour: Animal skin       ||    48
  Dodge: Dodged            ||    37

Table legend: (Time is in decaauts)
 A = Elapsed time spent in this place.
 B = Non-inter-level travel time spent in this place.
 C = Inter-level travel time spent in this place.
 D = Time resting spent in this place.
 E = Time spent auto-exploring this place.
 F = Levels seen in this place.
 G = Mean time per level.
                   A        B        C        D        E       F      G
               +--------+--------+--------+--------+--------+-----+--------+
         Total |   1221 |   1066 |    155 |      0 |    922 |   2 |  610.5 |
       Dungeon |   1221 |   1066 |    155 |      0 |    922 |   2 |  610.5 |
               +--------+--------+--------+--------+--------+-----+--------+

Top non-repeatable levels by time:
     D:1: 1211 daAuts
     D:2: 10 daAuts
